 Dungeon Crawl Stone Soup version 0.21-a0-621-gc60411f (webtiles) character file.

4648 Havoc the Arsonist (level 10, -22/84 HPs)
             Began as a Pale Draconian Fire Elementalist on Dec 23, 2017.
             Was an Initiate of Fedhas.
             Killed from afar by a wizard (39 damage)
             ... with a bolt of cold
             ... on level 8 of the Dungeon on Dec 24, 2017.
             The game lasted 01:18:05 (11132 turns).

Havoc the Arsonist (DrFE)                          Turns: 11132, Time: 01:18:06

Health: -22/84     AC:  8    Str: 11    XL:     10   Next: 20%
Magic:  19/19      EV: 12    Int: 19    God:    Fedhas [......]
Gold:   392        SH:  0    Dex: 11    Spells: 7/22 levels left

rFire    . . .     SeeInvis .   w - +8 hunting sling "Nousidul" {flame, +Fly rPois rN+ MR+}
rCold    . . .     Gourm    .   (no shield)
rNeg     + . .     Faith    .   (armour unavailable)
rPois    +         Spirit   .   (helmet restricted)
rElec    .         Reflect  .   C - +0 cloak
rCorr    +         Harm     .   (no gloves)
MR       +....                  (no boots)
Stlth    ++........             (no amulet)
HPRegen  0.24/turn              o - ring of resist corrosion
MPRegen  0.16/turn              c - ring of resist corrosion

@: no status effects
A: breathe steam, unfitting armour, cold-blooded, AC +7
a: Breathe Steam, Fungal Bloom, Renounce Religion, Evoke Flight


You were on level 8 of the Dungeon.
You worshipped Fedhas.
Fedhas was noncommittal.
You were not hungry.

You visited 2 branches of the dungeon, and saw 10 of its levels.
You also visited: Ossuary.

You collected 392 gold pieces.

Inventory:

Hand Weapons
 f - a +2 dagger of venom
 w - the +8 hunting sling "Nousidul" (weapon) {flame, +Fly rPois rN+ MR+}
   (You found it on level 5 of the Dungeon)

   It causes projectiles fired from it to burn those they strike, causing extra
   injury to most foes and up to half again as much damage against particularly
   susceptible opponents.
   It protects you from poison.
   It protects you from negative energy.
   It affects your resistance to hostile enchantments.
   It lets you fly.
 D - the +9 falchion "Meenu" {flame, rC+}
   (You found it on level 6 of the Dungeon)

   It has been specially enchanted to burn those struck by it, causing extra
   injury to most foes and up to half again as much damage against particularly
   susceptible opponents.
   Big, fiery blades are also staple armaments of hydra-hunters.
   It protects you from cold.
Missiles
 i - 196 stones (quivered)
Armour
 y - a scarf of repulsion
 C - a +0 cloak (worn)
Jewellery
 c - a ring of resist corrosion (right hand)
 o - a ring of resist corrosion (left hand)
 s - an uncursed ring of flight
Wands
 h - a wand of polymorph (7)
 m - a wand of clouds (3)
 n - a wand of iceblast (12)
 z - a wand of paralysis (26)
 A - a wand of digging (10)
 E - a wand of acid (9)
Scrolls
 e - a scroll of immolation {unknown}
 k - a scroll of remove curse
 l - a scroll of noise {unknown}
 q - 4 scrolls of teleportation
 t - a scroll of silence {unknown}
 v - a scroll of random uselessness {unknown}
 F - a scroll of vulnerability {unknown}
Potions
 d - 2 potions of brilliance
 g - 4 potions of curing
 j - 2 potions of invisibility
 r - 2 potions of heal wounds
 u - 2 potions of berserk rage
 G - a potion of flight
Books
 a - a book of Flames

   Spells                             Type                      Level
   a - Flame Tongue                   Conjuration/Fire             1
   b - Throw Flame                    Conjuration/Fire             2
   c - Conjure Flame                  Conjuration/Fire             3
   d - Inner Flame                    Hexes/Fire                   3
   e - Sticky Flame                   Conjuration/Fire             4
   f - Fireball                       Conjuration/Fire             5
 p - a book of Changes

   Spells                             Type                      Level
   a - Beastly Appendage              Transmutation                1
   b - Sticks to Snakes               Transmutation                2
   c - Spider Form                    Transmutation/Poison         3
   d - Ice Form                       Ice/Transmutation            4
   e - Blade Hands                    Transmutation                5
 B - a book of Cantrips

   Spells                             Type                      Level
   a - Confusing Touch                Hexes                        1
   b - Animate Skeleton               Necromancy                   1
   c - Summon Small Mammal            Summoning                    1
   d - Apportation                    Translocation                1
Comestibles
 b - 17 rations


   Skills:
 + Level 6.3 Fighting
 - Level 1.8 Dodging
 - Level 1.9 Stealth
 + Level 6.6 Spellcasting
 * Level 8.3 Conjurations
 * Level 9.9 Fire Magic


You had 7 spell levels left.
You knew the following spells:

 Your Spells              Type           Power        Failure   Level  Hunger
a - Flame Tongue          Conj/Fire      #####        1%          1    None
b - Throw Flame           Conj/Fire      #####.       1%          2    None
c - Conjure Flame         Conj/Fire      #####...     1%          3    ##.....
d - Sticky Flame          Conj/Fire      #####...     2%          4    ####...
e - Fireball              Conj/Fire      #####.....   7%          5    #####..


Dungeon Overview and Level Annotations

Branches:
Dungeon (9/15)             Temple (1/1) D:7
   Lair: D:8-11         Orc: D:9-12

Altars:
Ashenzari
Cheibriados
Dithmenos
Elyvilon
Fedhas
Gozag
Hepliaklqana
Kikubaaqudgha
Makhleb
Nemelex Xobeh
Okawaru
Qazlal
Ru
Sif Muna
Trog
Uskayaw
Vehumet
Wu Jian
Xom
Yredelemnul
Zin
The Shining One

Annotations:
D:4 Eustachio


Innate Abilities, Weirdness & Mutations

You can breathe blasts of scalding, opaque steam.
Your pale cyan-grey scales are hard. (AC +7)
You cannot fit into any form of body armour.
You are cold-blooded and may be slowed by cold attacks.


Message History

Magic restored.
You climb downwards.
The wizard mumbles some strange words.
The wizard seems to speed up.
There is a stone staircase leading up here.
The wizard shouts, "You are history!"
The wizard hits you with a dagger of freezing.
You feel yourself slow down. The wizard freezes you.
You climb upwards.
You feel yourself speed up.
There is a stone staircase leading down here.
The wizard gestures at you while chanting.
The crystal spear hits you!
Ouch! That really hurt!
* * * LOW HITPOINT WARNING * * *
The wizard shouts, "You are history!"
The wizard points at you and mumbles some strange words.
The bolt of cold hits you!
You die...
Fedhas appreciates your contribution to the ecosystem.

####### #.....# ######
#.....# ##....# #.....#
...##.##########p....#
..##.........p.pp.<..#
......(........#.....#
.......#########.....#
.#..#### #@....# .#[##
#.....# .#)#########
####### ...........#
####### ...........#
#.....# #..........#
#.....# ...........#
#.....# ...........#
#.....#
#......(...#######.####


You could see a wizard and 2 neutral freed slaves.

Vanquished Creatures
  A two-headed ogre (D:8)
  Pikel (D:8)
  An ugly thing (D:7)
  A hippogriff (D:7)
  A spriggan (D:7)
  2 hungry ghosts
  Duvessa (D:7)
  A water moccasin (D:9)
  An ice beast (D:7)
  3 ogres
  3 centaurs
  2 bullfrogs
  Dowan (D:7)
  2 scorpions
  2 electric eels (D:9)
  3 howler monkeys (D:7)
  5 crimson imps
  2 centaur zombies
  2 jellies (D:5)
  A bullfrog zombie (D:5)
  A centaur skeleton (D:8)
  6 hounds
  2 human zombies (Ossuary)
  3 orc priests
  5 orc wizards
  Ijyb (D:5)
  4 worker ants
  A big kobold zombie (Ossuary)
  3 mummies
  A worker ant zombie (D:8)
  7 gnolls
  6 adders
  3 shadow imps
  An ooze (D:1)
  An adder zombie (Ossuary)
  3 worms
  A dart slug (D:2)
  An adder simulacrum (D:9)
  3 leopard geckos
  26 orcs
  5 giant cockroaches
  11 goblins
  6 hobgoblins
  6 jackals (D:2)
  3 quokkas
  3 bats
  5 frilled lizards
  A goblin zombie (Ossuary)
  7 hobgoblin zombies
  3 jackal zombies (Ossuary)
  6 kobolds
  16 kobold zombies
  A leopard gecko skeleton (D:4)
  5 orc zombies (Ossuary)
  A quokka skeleton (D:4)
  4 rats
  2 rat zombies (Ossuary)
200 creatures vanquished.

Notes
Turn   | Place    | Note
-------+----------+-------------------------------------------
     0 | D:1      | Havoc the Draconian Fire Elementalist began the quest for the Orb.
     0 | D:1      | Reached XP level 1. HP: 14/14 MP: 3/3
     8 | D:1      | Noticed a demigod
     8 | D:1      | Noticed an octopode
    10 | D:1      | Noticed a felid
    12 | D:1      | Noticed a vine stalker
    12 | D:1      | Noticed a demonspawn
    14 | D:1      | Noticed a ghoul
    14 | D:1      | Noticed a formicid
    16 | D:1      | Noticed a spriggan
    16 | D:1      | Noticed a naga
    18 | D:1      | Noticed a centaur
    20 | D:1      | Noticed a human
    20 | D:1      | Noticed a merfolk
    22 | D:1      | Noticed a halfling
    24 | D:1      | Noticed a tengu
    26 | D:1      | Noticed an ogre
    26 | D:1      | Noticed a gargoyle
    28 | D:1      | Noticed a vampire
    28 | D:1      | Noticed a dwarf
    30 | D:1      | Noticed a draconian
    30 | D:1      | Noticed a minotaur
    32 | D:1      | Noticed an elf
    32 | D:1      | Noticed a troll
   187 | D:1      | Reached XP level 2. HP: 17/20 MP: 0/5
   303 | D:1      | Learned a level 2 spell: Throw Flame
  1125 | D:2      | Reached XP level 3. HP: 25/27 MP: 0/6
  1577 | D:2      | Learned a level 3 spell: Conjure Flame
  1993 | D:2      | Found a deep blue altar of Sif Muna.
  2165 | D:3      | Reached skill level 1 in Fighting
  2228 | D:3      | Reached XP level 4. HP: 24/35 MP: 0/7
  2421 | D:3      | Reached skill level 4 in Fire Magic
  2772 | D:3      | Reached XP level 5. HP: 39/40 MP: 1/9
  3820 | D:4      | Reached XP level 6. HP: 48/48 MP: 3/10
  3877 | D:4      | Noticed Eustachio
  4913 | D:5      | Entered Level 5 of the Dungeon
  4957 | D:5      | Reached skill level 5 in Fire Magic
  5510 | D:5      | Your scales start taking on a pale cyan-grey colour.
  5510 | D:5      | Reached skill level 6 in Fire Magic
  5510 | D:5      | Reached XP level 7. HP: 23/57 MP: 0/12
  5520 | D:5      | HP: 2/57 [orc priest/divine providence (15)]
  5870 | D:5      | Learned a level 4 spell: Sticky Flame
  6007 | D:5      | Got a translucent hunting sling
  6008 | D:5      | Identified the +8 hunting sling "Nousidul" {flame, +Fly rPois rN+ MR+} (You found it on level 5 of the Dungeon)
  6495 | D:5      | Noticed Ijyb
  6496 | D:5      | Paralysed by Ijyb for 4 turns
  6511 | D:5      | Killed Ijyb
  6658 | D:5      | Reached skill level 5 in Conjurations
  6985 | D:6      | Found a sand-covered staircase.
  6988 | D:6      | Reached XP level 8. HP: 66/66 MP: 5/13
  7053 | Ossuary  | Entered an ossuary
  7266 | Ossuary  | Reached skill level 7 in Fire Magic
  7529 | D:6      | Got a twisted falchion
  7530 | D:6      | Identified the +9 falchion "Meenu" {flame, rC+} (You found it on level 6 of the Dungeon)
  7994 | D:6      | You fall through a shaft for 2 floors!
  8135 | D:7      | Noticed a hippogriff
  8145 | D:7      | Killed a hippogriff
  8224 | D:7      | Reached skill level 5 in Spellcasting
  8339 | D:7      | Reached skill level 8 in Fire Magic
  8351 | D:7      | Reached XP level 9. HP: 73/73 MP: 0/16
  8487 | D:7      | Found a staircase to the Ecumenical Temple.
  8496 | Temple   | Entered the Ecumenical Temple
  8770 | Temple   | Became a worshipper of Fedhas Madash
  8830 | D:7      | Reached skill level 5 in Fighting
  8987 | D:7      | Noticed a green ugly thing
  8994 | D:7      | Noticed Duvessa
  8995 | D:7      | Killed a green ugly thing
  8996 | D:7      | Noticed Dowan
  9043 | D:7      | Killed Duvessa
  9172 | D:7      | Killed Dowan
  9324 | D:7      | Found a shadowy altar of Dithmenos.
  9757 | D:7      | Learned a level 5 spell: Fireball
  9797 | D:7      | Found a sparkling altar of Nemelex Xobeh.
  9797 | D:7      | Found a basalt altar of Yredelemnul.
  9798 | D:7      | Found a hazy altar of Hepliaklqana.
  9798 | D:7      | Found a radiant altar of Vehumet.
  9974 | D:8      | Reached skill level 9 in Fire Magic
  9994 | D:8      | Noticed a two-headed ogre
 10015 | D:8      | Killed a two-headed ogre
 10531 | D:8      | Noticed Pikel
 10541 | D:8      | Killed Pikel
 10541 | D:8      | Reached XP level 10. HP: 83/83 MP: 0/19
 10988 | D:9      | Noticed a wizard
 10993 | D:9      | Noticed a wizard
 10994 | D:9      | Found an ornate altar of the Wu Jian Council.
 11132 | D:8      | Killed from afar by a wizard

Vault maps used:
D:1:      kb_arrival_jail
D:2:      first_ration, serial_forest, infiniplex_forest_lined_room_2,
          infiniplex_forest_lined_ring, infiniplex_forest_corner_1,
          infiniplex_forest_3_way, infiniplex_forest_lined_3_way,
          lemuel_blue_sif_altar
D:3:      kennysheep_generic_room_14
D:4:      minmay_close_crescents, uniq_eustachio
D:5:      uniq_ijyb
D:6:      nicolae_ossuary_entry_giza, palyth_stone_intersect
D:7:      nicolae_dithmenos_through_a_glass_darkly,
          grunt_temple_overflow_cloverleaf, minmay_temple_entry_glassed_door,
          the_bakery, uniq_duvessa
D:8:      uniq_pikel
D:9:      cheibrodos_wizards_tower, lemuel_round_altar, lair_entry_dummy,
          serial_ice, serial_ice_a, serial_ice_l, serial_ice_d, serial_ice_m,
          serial_ice_g, serial_ice_b
Temple:   eino_temple_scatter_basement
Ossuary:  ossuary_tomb_1

Skill      XL: |  1  2  3  4  5  6  7  8  9 |
---------------+----------------------------+-----
Fighting       | 1 2 3 4 6 |  6.3
Conjurations   | 2 3 4 5 6 8 |  8.3
Fire Magic     | 4 6 8 9 |  9.9
Spellcasting   | 3 5 6 |  6.6
Dodging        | |  1.8
Stealth        | |  1.9

Action                   |  1- 3 |  4- 6 |  7- 9 | 10-12 || total
-------------------------+-------+-------+-------+-------++-------
Melee: Unarmed           |    14 |       |       |       ||    14
       Tailslap          |     3 |     8 |     1 |       ||    12
       Hand axe          |    12 |       |       |       ||    12
       Dagger            |       |    76 |    10 |       ||    86
       Hunting sling     |       |     1 |       |       ||     1
       Falchion          |       |       |     9 |       ||     9
 Fire: Hunting sling     |    51 |    72 |   135 |     1 ||   259
Throw: Stone             |       |     8 |     7 |       ||    15
 Cast: Flame Tongue      |    37 |    74 |   106 |     8 ||   225
       Throw Flame       |    11 |    23 |    71 |    19 ||   124
       Conjure Flame     |     1 |     8 |    23 |     4 ||    36
 Abil: Breathe Steam     |       |       |     1 |       ||     1
Evoke: Wand              |       |     1 |     5 |       ||     6
  Use: Scroll            |       |     6 |     5 |     3 ||    14
       Potion            |       |     1 |     1 |       ||     2
  Eat: Chunk             |     5 |     9 |    11 |     2 ||    27
       Ration            |       |     1 |     2 |       ||     3
Armor: Skin              |    15 |    28 |    32 |     2 ||    77
Dodge: Dodged            |    44 |    67 |    44 |     2 ||   157
       Deflected         |       |       |     2 |       ||     2
       Rpst.: Falchion   |       |       |     1 |     1 ||     2

Table legend:
 A = Spawn XP
 B = Non-spawn XP
 C = Spawn XP percentage of total XP
 D = Spawn monster count
 E = Non-spawn monster count
 F = Spawn count percentage of total count
 G = Total turns spent on level
                    A         B        C        D         E        F      G
               +---------+---------+-------+---------+---------+-------+---------
         Total |       0 |    6641 |   0.0 |       0 |     200 |   0.0 | 11132
               +---------+---------+-------+---------+---------+-------+---------
           D:1 |       0 |      34 |   0.0 |       0 |      18 |   0.0 |  1084
           D:2 |       0 |      40 |   0.0 |       0 |      20 |   0.0 |  1202
           D:3 |       0 |     178 |   0.0 |       0 |      18 |   0.0 |  1331
           D:4 |       0 |     261 |   0.0 |       0 |      19 |   0.0 |  1518
           D:5 |       0 |     852 |   0.0 |       0 |      31 |   0.0 |  1679
           D:6 |       0 |     248 |   0.0 |       0 |      11 |   0.0 |   798
           D:7 |       0 |    2189 |   0.0 |       0 |      19 |   0.0 |  1504
           D:8 |       0 |    2073 |   0.0 |       0 |      19 |   0.0 |   990
           D:9 |       0 |     531 |   0.0 |       0 |       6 |   0.0 |   345
       Ossuary |       0 |     235 |   0.0 |       0 |      39 |   0.0 |   384
               +---------+---------+-------+---------+---------+-------+---------
